 Dungeon Crawl Stone Soup version 0.30.1-8-g117510f58f (webtiles) character file.

Game seed: 11467647332982164347

45 Ivernyr the Slasher (level 3, -2/28 HPs)
             Began as a Formicid Gladiator on Sept 23, 2023.
             Slain by Terence
             ... wielding a +0 hand axe
              (4 damage)
             ... on level 2 of the Dungeon.
             The game lasted 00:02:18 (914 turns).

Ivernyr the Slasher (Formicid Gladiator)             Turns: 914, Time: 00:02:19

Health: -2/28      AC:  3    Str: 18    XL:     3   Next: 90%
Magic:  3/3        EV: 13    Int:  7    God:
Gold:   66         SH:  0    Dex: 17    Spells: 2/2 levels left

rFire   . . .        a - +0 long sword
rCold   . . .        (no shield)
rNeg    . . .        b - +0 leather armour {rPois}
rPois   +            (helmet unavailable)
rElec   .            (no cloak)
rCorr   .            (no gloves)
SInv    +            (no boots)
Will    .....        (no amulet)
Stlth   +            (no ring)
HPRegen 0.24/turn    (no ring)
MPRegen 0.08/turn

%: no passive effects
@: no status effects
A: permanent stasis, dig shafts and tunnels, antennae 3, four strong arms
a: Dig, Shaft Self


You were on level 2 of the Dungeon.
You visited 1 branch of the dungeon, and saw 2 of its levels.

You collected 66 gold pieces.

Inventory:

Hand Weapons
 a - a +0 long sword (weapon)
Missiles
 c - 3 throwing nets (quivered)
 d - a javelin
Armour
 b - a +0 leather armour of poison resistance (worn)
Scrolls
 e - a scroll of silence {unknown}
 g - a scroll of vulnerability {unknown}
 h - a scroll of amnesia {unknown}
 i - 2 scrolls of identify {unknown}
Potions
 f - 2 potions of curing {unknown}
 j - a potion of flight {unknown}
 k - a potion of lignification {unknown}
 l - a potion of degeneration {unknown}
 m - a potion of resistance {unknown}


   Skills:
 + Level 2.7 Fighting
 * Level 3.6 Long Blades
 - Level 2.0 Throwing
 + Level 1.3 Armour
 + Level 3.0 Dodging


You had 2 spell levels left.
You didn't know any spells.
Your spell library was empty.

Dungeon Overview and Level Annotations

Branches:
Dungeon (2/15)

Altars:

Annotations:
D:2 Terence


Innate Abilities, Weirdness & Mutations

You cannot be hasted, slowed, berserked, paralysed or teleported.
You can dig through walls and to a lower floor.
You have a pair of large antennae on your head. (SInv)
Your four strong arms can wield two-handed weapons with a shield.


Message History

There is a stone staircase leading down here.
Found a robe.
Terence the Incautious comes into view.
He is wielding a +0 hand axe.
Terence shouts!
You hit Terence but do no damage. Terence hits you with a +0 hand axe!
You hit Terence but do no damage. Terence closely misses you. x2
You closely miss Terence. Terence closely misses you.
You closely miss Terence. Terence hits you with a +0 hand axe.
You hit Terence.
Terence is lightly wounded.
Terence barely misses you.
You barely miss Terence.
Terence is lightly wounded.
Terence barely misses you.
You hit Terence.
Terence is lightly wounded.
Terence hits you with a +0 hand axe. Terence hits you but does no damage.
You barely miss Terence.
Terence is lightly wounded.
Terence hits you with a +0 hand axe.
You hit Terence.
Terence is moderately wounded.
Terence completely misses you.
You barely miss Terence.
Terence is moderately wounded.
Terence hits you with a +0 hand axe. Terence attacks as you move away!
Terence barely misses you. Terence attacks as you move away!
Terence hits you with a +0 hand axe.
* * * LOW HITPOINT WARNING * * *
Terence attacks as you move away! Terence hits you with a +0 hand axe!
* * * LOW HITPOINT WARNING * * *
Terence shouts, "ATTACK!!!"
There is a stone staircase leading down here.
You closely miss Terence.
Terence is moderately wounded.
Terence misses you. Terence closely misses you.
You hit Terence.
Terence is heavily wounded.
Terence hits you with a +0 hand axe.
You die...

..#.# #.#†#...# #..[........
..#.####.#.#...# #...........
..#......#.....# #...........
#.#########....###...........
#.#......###....###.#####....
....<#...# ####.# #.##....###
#..###.### #.###....#
.......# #.##..#### ########
#.@@....# ...# #####.#.# .#.#
#.#.# .#.# ..# # .#.# .##
.#.# . ##.# #.# #.#


You could see Terence.

Vanquished Creatures
  2 adders (D:2)
  A bat (D:1)
  2 endoplasms
  A giant cockroach (D:2)
  4 goblins (D:1)
  A hobgoblin (D:2)
  4 jackals (D:1)
  3 quokkas
  4 ball pythons (D:1)
  A kobold (D:1)
23 creatures vanquished.

Notes
Turn   | Place    | Note
-------+----------+-------------------------------------------
     0 | D:1      | Ivernyr the Formicid Gladiator began the quest for the Orb.
     0 | D:1      | Reached XP level 1. HP: 16/16 MP: 1/1
   195 | D:1      | Reached XP level 2. HP: 23/23 MP: 2/2
   629 | D:1      | Reached XP level 3. HP: 24/28 MP: 3/3
   663 | D:1      | Reached skill level 1 in Armour
   893 | D:2      | Noticed Terence
   911 | D:2      | HP: 1/28 [Terence/+0 hand axe (7)]
   914 | D:2      | Slain by Terence

Illustrated notes

Levels and vault maps discovered:
D:1:      dpeg_arrival_arbitrary_a, layout_loops_ring
D:2:      layout_basic, uniq_terence

Skill      XL: |  1  2  3 |
---------------+----------+-----
Armour         | 1 |  1.3
Dodging        | 3 |  3.0
Fighting       | |  2.7
Long Blades    | |  3.6
Throwing       | |  2.0

Action                     || total
---------------------------++-------
  Melee: Long sword        ||    89
 Armour: Leather armour    ||    31
  Dodge: Dodged            ||    68
